 Dungeon Crawl Stone Soup version 0.26.1-10-gdfb7c7de75 (webtiles) character file.

Game seed: 5510296609420850042

1024 DearestLeader the Covert (level 8, -5/36 HPs)
             Began as a Spriggan Enchanter on Apr 3, 2021.
             Shot with an arrow by a centaur (13 damage)
             ... on level 7 of the Dungeon.
             The game lasted 00:13:49 (6620 turns).

DearestLeader the Covert (Spriggan Enchanter)       Turns: 6620, Time: 00:13:49

Health: -5/36      AC:  2    Str:  4    XL:     8   Next: 2%
Magic:  4/22       EV: 18    Int: 19    God:
Gold:   235        SH:  0    Dex: 16    Spells: 4/13 levels left

rFire    . . .     SeeInvis +   a - +1 dagger
rCold    . . .     Faith    .   (shield restricted)
rNeg     . . .     Spirit   .   b - +0 robe
rPois    .         Reflect  .   (helmet restricted)
rElec    .         Harm     .   (no cloak)
rCorr    .         Rampage  .   (gloves unavailable)
Will     +....                  (boots unavailable)
Stlth    +++++.....             (no amulet)
HPRegen  0.12/turn              x - ring of stealth
MPRegen  0.18/turn              c - ring of magical power

@: very quick
A: very small, unfitting armour, see invisible, speed 3
a: no special abilities


You were on level 7 of the Dungeon.
You visited 1 branch of the dungeon, and saw 7 of its levels.

You collected 235 gold pieces.

Inventory:

Hand Weapons
 a - a +1 dagger (weapon)
Missiles
 o - 16 poisoned darts (quivered)
Armour
 b - a +0 robe (worn)
 u - +0 storm dragon scales
Jewellery
 c - a ring of magical power (right hand)
 e - an uncursed ring of protection from fire
 x - a ring of stealth (left hand)
Wands
 r - a wand of polymorph (11)
 w - a wand of disintegration (14)
Scrolls
 f - 2 scrolls of remove curse {unknown}
 g - 6 scrolls of teleportation
 i - 4 scrolls of identify
 j - 3 scrolls of amnesia {unknown}
 l - 3 scrolls of fear
 n - a scroll of enchant weapon {unknown}
 p - 2 scrolls of immolation {unknown}
 s - 2 scrolls of noise {unknown}
 t - a scroll of enchant armour {unknown}
 y - a scroll of fog {unknown}
Potions
 d - a potion of might {unknown}
 h - 4 potions of curing
 k - a potion of haste {unknown}
 m - 2 potions of heal wounds {unknown}
 q - 2 potions of degeneration {unknown}
 v - a potion of magic {unknown}
 z - a potion of lignification {unknown}
 A - a potion of mutation {unknown}
 B - a potion of ambrosia {unknown}
 C - a potion of attraction {unknown}


   Skills:
 * Level 7.7 Short Blades
 - Level 3.0 Dodging
 + Level 8.8 Stealth
 - Level 3.2 Spellcasting
 + Level 5.4 Hexes


You had 4 spell levels left.
You knew the following spells:

 Your Spells              Type           Power        Failure   Level
a - Corona                Hex            25%          1%          1
b - Ensorcelled Hibernat  Hex/Ice        26%          8%          2
c - Confusing Touch       Hex            23%          4%          3
d - Dazzling Flash        Conj/Hex       26%          14%         3

Your spell library contained the following spells:

 Spells                   Type           Power        Failure   Level
 Tukima's Dance           Hex            23%          4%          3


Dungeon Overview and Level Annotations

Branches:
Dungeon (6/15)
 Temple: D:4-7

Altars:
Zin


Innate Abilities, Weirdness & Mutations

You are very small and have problems with some larger weapons.
You are too small for most types of armour.
You have supernaturally acute eyesight. (SInv)
You cover ground extremely quickly.


Message History

Casting: Ensorcelled Hibernation (safe; 8% risk of failure)
Confirm with . or Enter, or press ? or * to list all spells.
Aiming: Ensorcelled Hibernation (safe; 8% risk of failure)
Press: ? - help, Shift-Dir - straight line, f/p - adder
Aim: an adder (almost dead, chance to affect: 52%)
The adder resists with significant effort.
The adder barely misses you. The adder bites you.
* * * LOW HITPOINT WARNING * * *
Casting: Ensorcelled Hibernation (safe; 8% risk of failure)
Confirm with . or Enter, or press ? or * to list all spells.
Okay, then.
The orc throws a boomerang.
The boomerang closely misses you.
The weapon returns to the orc!
Casting: Ensorcelled Hibernation (safe; 8% risk of failure)
Confirm with . or Enter, or press ? or * to list all spells.
Okay, then.
A centaur comes into view.
The centaur wields a +0 shortbow.
The centaur shoots an arrow.
The arrow hits you!
You die...

#../..# #.....#
###########.....####
#...................
+...................
#...................
#......o............
#..@.S.oo...........
.......####'########'###
.......#....#..........#
......c#....#..........'
.......#....'....o.....#
.......#.#######.##.o###
########.##.####.##..###
.........#....#.......#.
.........'....#.....5.#.


You could see a centaur, an adder and 3 orcs.

Vanquished Creatures
  A water moccasin (D:5)
  An orc warrior (D:6)
  An ogre (D:4)
  A bullfrog zombie (D:6)
  2 hounds
  An orc priest (D:6)
  A jelly (D:6)
  A bullfrog skeleton (D:5)
  2 iguanas
  5 orc wizards
  6 worker ants
  A killer bee zombie (D:4)
  A hound skeleton (D:2)
  A worker ant zombie (D:5)
  5 adders
  A white imp (D:7)
  An ufetubus (D:5)
  3 oozes
  7 worms
  4 leopard geckos
  10 orcs
  6 giant cockroaches
  5 goblins
  8 hobgoblins
  10 jackals
  3 quokkas
  4 ball pythons
  7 bats
  4 frilled lizards
  A jackal skeleton (D:5)
  7 kobolds
  7 rats
118 creatures vanquished.

Notes
Turn   | Place    | Note
-------+----------+-------------------------------------------
     0 | D:1      | DearestLeader the Spriggan Enchanter began the quest for
                  | the Orb.
     0 | D:1      | Reached XP level 1. HP: 9/9 MP: 5/5
   535 | D:1      | Reached XP level 2. HP: 12/13 MP: 6/6
   542 | D:1      | Learned a level 2 spell: Ensorcelled Hibernation
  1249 | D:2      | Found a glowing silver altar of Zin.
  1272 | D:2      | Reached skill level 5 in Stealth
  1272 | D:2      | Reached XP level 3. HP: 7/16 MP: 8/8
  1859 | D:2      | Learned a level 3 spell: Confusing Touch
  2378 | D:3      | Reached XP level 4. HP: 21/21 MP: 9/9
  3021 | D:3      | Reached skill level 6 in Stealth
  3164 | D:3      | Reached XP level 5. HP: 17/24 MP: 10/10
  3533 | D:4      | Noticed an ogre
  3540 | D:4      | Killed an ogre
  3541 | D:4      | Reached skill level 5 in Short Blades
  3651 | D:4      | Reached XP level 6. HP: 28/28 MP: 11/11
  3858 | D:4      | Reached skill level 7 in Stealth
  4308 | D:5      | Entered Level 5 of the Dungeon
  4772 | D:5      | Learned a level 3 spell: Dazzling Flash
  5331 | D:5      | Reached XP level 7. HP: 32/32 MP: 12/12
  5596 | D:5      | Reached skill level 8 in Stealth
  5786 | D:6      | Reached skill level 5 in Hexes
  6374 | D:6      | You fall into a shaft and drop 1 floor!
  6541 | D:7      | Reached XP level 8. HP: 36/36 MP: 13/13
  6620 | D:7      | Shot with an arrow by a centaur

Illustrated notes

Levels and vault maps discovered:
D:1:      elethiomel_arrival_infinity_welcomes_careful_drivers, layout_basic
D:2:      layout_loops_corners, nicolae_overflow_crystal_walls, st_stairs_7
D:3:      layout_loops_ring
D:4:      layout_loops_ring
D:5:      layout_loops_ring
D:6:      layout_basic
D:7:      layout_gridville, elyvilon_altar_4,
          minmay_temple_entry_statues_pillars

Skill      XL: |  1  2  3  4  5  6  7 |
---------------+----------------------+-----
Short Blades   | 2 3 4 5 6 7 |  7.7
Hexes          | 4 5 |  5.4
Stealth        | 5 6 7 8 |  8.8
Spellcasting   | 3 |  3.2
Dodging        | |  3.0

Action                   |  1- 3 |  4- 6 |  7- 9 || total
-------------------------+-------+-------+-------++-------
Melee: Dagger            |   121 |   153 |    39 ||   313
 Cast: Corona            |     8 |     1 |       ||     9
       Ensorcelled Hiber |    18 |    48 |    23 ||    89
       Confusing Touch   |       |     6 |     4 ||    10
  Use: Scroll            |       |     3 |       ||     3
       Potion            |       |       |     2 ||     2
 Stab: Sleeping          |    27 |    42 |    16 ||    85
       Confused          |       |     3 |     3 ||     6
       Distracted        |       |     2 |       ||     2
Armor: Robe              |    12 |     8 |       ||    20
Dodge: Dodged            |   102 |   107 |    30 ||   239
